 Dungeon Crawl Stone Soup version 0.20.0-7-g3b7b877 (webtiles) character file.

32 Chiseanne the Magician (level 3, 0/24 HPs)
             Began as a Demonspawn Wizard on May 29, 2017.
             Succumbed to an adder's poison
             ... on level 2 of the Dungeon.
             The game lasted 00:01:20 (1089 turns).

Chiseanne the Magician (Demonspawn Wizard)          Turns: 1089, Time: 00:01:21

Health: 0/24       AC:  2    Str:  9    XL:     3   Next: 10%
Magic:  1/8        EV: 12    Int: 20    God:
Gold:   47         SH:  0    Dex: 11    Spells: 8/9 levels left

rFire    + . .     SeeInvis .   g - +0 dagger
rCold    . . .     Gourm    .   (no shield)
rNeg     . . .     Faith    .   a - +0 robe
rPois    .         Spirit   .   b - +0 hat
rElec    .         Reflect  .   (no cloak)
rCorr    .         Harm     .   (no gloves)
MR       .....                  (no boots)
Stlth    ++........             (no amulet)
Regen    0.1/turn               (no ring)
MPRegen  0.2/turn               (no ring)

@: lethally poisoned (0 -> -5)
A: horns 1, fire resistance 1, strong 1, subdued magic 1
a: no special abilities


You were on level 2 of the Dungeon.
You were not hungry.

You visited 1 branch of the dungeon, and saw 2 of its levels.

You collected 47 gold pieces.

Inventory:

Hand Weapons
 g - a +0 dagger (weapon)
Missiles
 h - 22 stones (quivered)
 k - 6 javelins
 m - 5 needles of confusion
Armour
 a - a +0 robe (worn)
 b - a +0 hat (worn)
 o - a +2 helmet
Jewellery
 f - an uncursed ring of protection from cold {unknown}
 j - an uncursed ring of positive energy {unknown}
Scrolls
 e - a scroll of teleportation {unknown}
 i - a scroll of identify {unknown}
 l - 2 scrolls of recharging {unknown}
 n - 2 scrolls of enchant weapon {unknown}
Books
 c - a book of Minor Magic

   Spells                             Type                      Level
   a - Magic Dart                     Conjuration                  1
   b - Blink                          Translocation                2
   c - Call Imp                       Summoning                    2
   d - Slow                           Hexes                        2
   e - Conjure Flame                  Conjuration/Fire             3
   f - Mephitic Cloud                 Conjuration/Poison/Air       3
Comestibles
 d - 3 bread rations


   Skills:
 - Level 1.7 Dodging
 - Level 1.7 Stealth
 * Level 3.5 Spellcasting
 * Level 2.2 Conjurations
   Level 1.0 Summonings
   Level 0.8 Translocations


You had 8 spell levels left.
You knew the following spells:

 Your Spells              Type           Power        Failure   Level  Hunger
a - Magic Dart            Conj           #...         4%          1    None


Dungeon Overview and Level Annotations

Branches:
Dungeon (2/15)

Altars:
Okawaru
Xom


Innate Abilities, Weirdness & Mutations

You have a pair of small horns on your head.
Your flesh is heat resistant. (rF+)
Your muscles are strong. (Str +2)
Your spells are a little easier to cast, but a little less powerful.


Message History

You are lethally poisoned!
The adder poisons you!
You miss the adder.
The adder is almost dead.
You feel sick. The adder bites you.
* * * LOW HITPOINT WARNING * * *
You hit the adder.
You kill the adder!
You have reached level 3!
Your experience leads to an increase in your attributes!
Your base attributes are Str 7, Int 19, Dex 11.
Increase (S)trength, (I)ntelligence, or (D)exterity?
You feel clever.
Your demonic ancestry asserts itself...
A pair of horns grows on your head!
* * * LOW HITPOINT WARNING * * *
You feel sick.
You aren't carrying any potions.
* * * LOW HITPOINT WARNING * * *
You feel sick.
You die...

.# .# .. .# #..###
.# #..#.. .#
#..... ## .....
#...## #....# #@#
#.# ######.####.#
#...........#
######.###..######
#......# #..#
##.####.###.##
#####...###.....#
..............###


There were no monsters in sight!

Vanquished Creatures
  2 adders (D:2)
  A leopard gecko (D:1)
  3 goblins
  2 hobgoblins
  2 bats (D:1)
  A frilled lizard (D:1)
  2 kobolds (D:1)
  A rat (D:1)
14 creatures vanquished.

Notes
Turn   | Place    | Note
-------+----------+-------------------------------------------
     0 | D:1      | Chiseanne the Demonspawn Wizard began the quest for the Orb.
     0 | D:1      | Reached XP level 1. HP: 13/13 MP: 4/4
    92 | D:1      | Found a shimmering altar of Xom.
   322 | D:1      | Gained mutation: Your flesh is heat resistant. (rF+) [demonic ancestry]
   322 | D:1      | Reached XP level 2. HP: 18/19 MP: 1/6
   457 | D:1      | Gained mutation: Your spells are a little easier to cast, but a little less powerful. [potion of mutation]
   457 | D:1      | Gained mutation: Your muscles are strong. (Str +2) [potion of mutation]
   931 | D:2      | Found an iron altar of Okawaru.
  1085 | D:2      | Gained mutation: You have a pair of small horns on your head. [demonic ancestry]
  1085 | D:2      | Reached XP level 3. HP: 3/24 MP: 0/8
  1087 | D:2      | HP: 1/24 [poisoned by an adder]
  1089 | D:2      | Succumbed to an adder's poison

Skill      XL: |  1  2 |
---------------+-------+-----
Conjurations   | 2 |  2.2
Dodging        | |  1.7
Stealth        | |  1.7
Spellcasting   | |  3.5
Summonings     | |  1.0
Translocations | |  0.8

Action                   || total
-------------------------++-------
Melee: Dagger            ||    13
 Cast: Magic Dart        ||    36
  Use: Potion            ||     2
Armor: Robe              ||     4
Dodge: Dodged            ||    12
